Sharks vs Senateurs

Created - February 2, 2019 at 22:46

Goals
1 2 3 T
Sharks 0 1 0 1
Senateurs 1 1 1 3
Shots
1 2 3 T
Sharks 9 5 4 18
Senateurs 6 7 15 28

1st period

1. Senateurs , Sergei Kostitsyn 5 (Cody Franson 13, Daniel Briere 29) at 18:59

Penalties :
Maxim Kondratiev (SJS) for Holding (Minor) at 5:01, T.J. Hensick (SJS) for Hooking (Minor) at 19:35

2nd period

2. Sharks , Nikolai Kulemin 5 (Rob Schremp 13) at 9:27
3. Senateurs , Evgeni Malkin 24 (Thomas Vanek 33, Marian Hossa 17) at 15:02 (PP)

Penalties :
Marian Hossa (Ott) for Hooking (Minor) at 0:23, Nick Palmieri (SJS) for Roughing (Minor) at 14:51, Evgeni Malkin (Ott) for Tripping (Minor) at 15:26, Cody Franson (Ott) for Hooking (Minor) at 18:26

3rd period

4. Senateurs , Daniel Briere 14 (Brandon Dubinsky 8) at 1:07

Penalties :
Nate Prosser (SJS) for Holding (Minor) at 9:31, Dan Hamhuis (Ott) for Slashing (Minor) at 19:27

Goalie Stats

Brent Krahn (SJS), 25 saves from 28 shots - (0.893), L, 2-5-1, 60:00 minutes
Ondrej Pavelec (Ott), 17 saves from 18 shots - (0.944), W, 17-16-2, 60:00 minutes

Players Stats for Sharks

Player Name              G  A  P  +/- PIM S  H  SB GA TA FO     MP     PP MP  PK MP  
------------------------------------------------------------------------------------
Adam Larsson             0  0  0   0  0   1  0  0  0  2  0/0    13:06   0:00   0:55 
Andrej Sekera            0  0  0   0  0   2  1  1  1  0  0/0    24:44   3:19   3:28 
Brendon Nash             0  0  0   0  0   0  0  0  0  0  0/0     3:57   0:00   0:00 
Darren Helm              0  0  0   0  0   0  0  0  1  0  1/4    10:10   0:21   1:35 
Jason Spezza             0  0  0   0  0   1  0  0  0  0  1/2     6:59   0:00   0:13 
Jiri Tlusty              0  0  0  -1  0   1  0  0  1  1  3/6    19:10   2:37   0:00 
Jordan LaVallee          0  0  0   0  0   0  0  0  1  0  4/10   14:05   0:15   3:04 
Kevin Shattenkirk        0  0  0   0  0   2  1  0  1  0  0/0    27:14   3:19   3:38 
Mark Giordano            0  0  0   0  0   0  1  0  0  0  0/0    12:23   0:00   0:00 
Maxim Afinogenov         0  0  0  -1  0   3  1  0  0  0  2/4    20:46   2:59   0:00 
Maxim Kondratiev         0  0  0  -1  2   1  1  3  0  0  0/0    19:19   1:59   0:46 
Milan Michalek           0  0  0  -1  0   1  5  0  1  0  3/5    22:08   2:58   2:07 
Nate Prosser             0  0  0  -1  2   1  1  0  0  0  0/0    19:31   1:59   1:07 
Nick Palmieri            0  0  0   0  2   0  2  0  0  1  0/0    19:52   1:44   0:00 
Nikolai Kulemin          1  0  1   0  0   3  0  1  0  0  1/2    16:02   1:16   1:17 
Oskar Osala              0  0  0   0  0   0  2  0  1  0  0/1    15:14   1:42   0:00 
Rob Schremp              0  1  1   0  0   0  2  0  1  0  3/7    12:55   0:00   0:57 
T.J. Hensick             0  0  0   0  2   2  1  0  0  0  9/12   16:13   2:02   0:41 

Players Stats for Senateurs

Player Name              G  A  P  +/- PIM S  H  SB GA TA FO     MP     PP MP  PK MP  
------------------------------------------------------------------------------------
Arturs Kulda             0  0  0   0  0   1  0  0  0  0  0/0     5:00   0:00   0:00 
Brandon Dubinsky         0  1  1   1  0   0  0  0  0  0  2/4     7:36   0:41   0:50 
Brooks Orpik             0  0  0   0  0   0  0  0  0  1  0/0    13:03   0:02   1:37 
Carlo Colaiacovo         0  0  0   0  0   0  0  1  0  0  0/0     0:14   0:00   0:00 
Chris Kunitz             0  0  0  -1  0   2  2  0  0  0  1/2    14:53   0:15   1:48 
Cody Franson             0  1  1   1  2   3  1  1  1  0  0/0    26:07   3:49   1:49 
Cody Hodgson             0  0  0  -1  0   0  2  0  0  0  3/5    14:22   0:30   0:41 
Colby Armstrong          0  0  0   1  0   0  0  0  0  0  0/0    16:53   0:50   0:00 
Dan Hamhuis              0  0  0   1  2   1  1  2  0  1  0/0    24:23   3:49   2:43 
Daniel Briere            1  1  2   2  0   5  5  0  0  0  5/8    22:37   0:50   3:01 
Evgeni Malkin            1  0  1   1  2   7  2  0  0  2  12/29  23:56   3:24   1:53 
Ian Cole                 0  0  0   0  0   1  1  1  0  0  0/0    12:55   0:00   0:07 
Karl Alzner              0  0  0   0  0   0  0  2  0  1  0/0    19:31   1:08   2:10 
Marc-André Bernier       0  0  0  -1  0   1  1  0  1  0  0/1    12:57   0:41   0:00 
Marian Hossa             0  1  1   0  2   0  1  0  0  0  1/1    20:42   3:23   0:33 
Sergei Kostitsyn         1  0  1   1  0   3  3  0  1  0  1/1    17:32   0:50   1:00 
Thomas Vanek             0  1  1   0  0   4  1  0  0  2  1/2    21:15   3:24   0:50 
Vladimir Mihalik         0  0  0   0  0   0  0  0  1  1  0/0    19:31   1:08   2:10 

3 Stars

1 - Daniel Briere (Ott)
2 - Sergei Kostitsyn (Ott)
3 - Evgeni Malkin (Ott)

Power Play

Sharks - 0 on 4 Attempt(s) - 0.00%
Senateurs - 1 on 4 Attempt(s) - 25.00%

Penalty Kill

Sharks - 3 on 4 Attempt(s) - 75.00% - Score 0 goal in Penalty Kill
Senateurs - 4 on 4 Attempt(s) - 100.00% - Score 0 goal in Penalty Kill

Team Stat

Sharks - Hits : 18 - Faceoff Wins : 27 - Blocked Shots : 5 - Penalty Minutes : 8
Senateurs - Hits : 20 - Faceoff Wins : 26 - Blocked Shots : 7 - Penalty Minutes : 8

Official

Referees : Unknown
Linesman : Unknown

Game Notes

Carlo Colaiacovo is injured at 1:22 of 1st period (Upper Body)
Jason Spezza is injured at 19:48 of 1st period (Back Spasms)

Finance

Level 1 -- Attendance: 5576 (92.93%) -- Ticket Income $462,808
Level 2 -- Attendance: 5000 (100.00%) -- Ticket Income $265,000
Level 3 -- Attendance: 2000 (100.00%) -- Ticket Income $66,000
Level 4 -- Attendance: 4000 (100.00%) -- Ticket Income $92,000
Luxury Box -- Attendance: 923 (92.30%) -- Ticket Income $143,065
Game was played at the Place Banque Scotia.
Total Attendance: 17499 (97.22%)
Total Ticket Income: $1,028,873
Other Income: $154,331
Total Income: $1,183,204

Sharks

5 vs 5 Forward 
   Center                   Left Wing                Right Wing               Time % Phy DF OF 
 1 Jason Spezza             Milan Michalek           Maxim Afinogenov         40     1   2  2  
 2 T.J. Hensick             Oskar Osala              Nick Palmieri            30     1   2  2  
 3 Rob Schremp              Nikolai Kulemin          Jiri Tlusty              20     1   2  2  
 4 Darren Helm              Jordan LaVallee          Nick Palmieri            10     1   3  1  

5 vs 5 Defense 
   Defense                  Defense                                           Time % Phy DF OF 
 1 Kevin Shattenkirk        Andrej Sekera                                     40     1   2  2  
 2 Nate Prosser             Maxim Kondratiev                                  30     1   2  2  
 3 Mark Giordano            Adam Larsson                                      20     1   2  2  
 4 Kevin Shattenkirk        Brendon Nash                                      10     1   2  2  

PowerPlay Forward 
   Center                   Left Wing                Right Wing               Time % Phy DF OF 
 1 Jason Spezza             Milan Michalek           Maxim Afinogenov         60     1   1  3  
 2 T.J. Hensick             Oskar Osala              Nick Palmieri            40     1   1  3  

PowerPlay Defense
   Defense                  Defense                                           Time % Phy DF OF 
 1 Kevin Shattenkirk        Andrej Sekera                                     60     1   2  2  
 2 Nate Prosser             Maxim Kondratiev                                  40     1   2  2  

Penalty Kill 4 Players Forward 
   Center                   Wing                     Time % Phy DF OF 
 1 Jason Spezza             Milan Michalek           60     1   4  0  
 2 Maxim Afinogenov         T.J. Hensick             40     1   4  0  

Penalty Kill 4 Players Defense
   Defense                  Defense                  Time % Phy DF OF 
 1 Kevin Shattenkirk        Andrej Sekera            60     1   4  0  
 2 Nate Prosser             Maxim Kondratiev         40     1   4  0  

Penalty Kill - 3 Players Forward 
   Forward                                           Time % Phy DF OF 
 1 Jason Spezza                                      60     1   4  0  
 2 Milan Michalek                                    40     1   4  0  

Penalty Kill - 3 Players Defense
   Defense                  Defense                  Time % Phy DF OF 
 1 Kevin Shattenkirk        Andrej Sekera            60     1   4  0  
 2 Nate Prosser             Maxim Kondratiev         40     1   4  0  

4 vs 4 Forward 
   Center                   Wing                     Time % Phy DF OF 
 1 Darren Helm              Milan Michalek           60     1   2  2  
 2 T.J. Hensick             Maxim Afinogenov         40     1   2  2  

4 vs 4 Defense
   Defense                  Defense                  Time % Phy DF OF 
 1 Kevin Shattenkirk        Andrej Sekera            60     1   2  2  
 2 Nate Prosser             Maxim Kondratiev         40     1   2  2  

Last Minutes Offensive
   Center                   Left Wing                Right Wing               Defense                  Defense                  
   Jason Spezza             Milan Michalek           Maxim Afinogenov         Kevin Shattenkirk        Nate Prosser             

Last Minutes Defensive
   Center                   Left Wing                Right Wing               Defense                  Defense                  
   Jason Spezza             Milan Michalek           Maxim Afinogenov         Kevin Shattenkirk        Andrej Sekera            

Goaltenders
Starting : Brent Krahn              
Backup : Tyler Weiman             

Extra Forwards
Normal : Jiri Tlusty, Nikolai Kulemin, Jordan LaVallee - PP : Jiri Tlusty, Nikolai Kulemin - PK : Jordan LaVallee
Extra Defensemen
Normal : Mark Giordano, Adam Larsson, Brendon Nash - PP : Mark Giordano - PK : Adam Larsson, Nate Prosser
Penalty Shots
Jason Spezza, Milan Michalek, Maxim Afinogenov, T.J. Hensick, Nick Palmieri

Scratches
Martin Erat (Healthy), Bobby Butler (Healthy)

Senateurs

5 vs 5 Forward 
   Center                   Left Wing                Right Wing               Time % Phy DF OF 
 1 Evgeni Malkin            Thomas Vanek             Marian Hossa             40     1   2  2  
 2 Daniel Briere            Sergei Kostitsyn         Colby Armstrong          30     1   2  2  
 3 Cody Hodgson             Chris Kunitz             Marc-André Bernier       20     1   2  2  
 4 Brandon Dubinsky         Evgeni Malkin            Daniel Briere            10     1   2  2  

5 vs 5 Defense 
   Defense                  Defense                                           Time % Phy DF OF 
 1 Dan Hamhuis              Cody Franson                                      40     1   2  2  
 2 Karl Alzner              Vladimir Mihalik                                  30     1   2  2  
 3 Carlo Colaiacovo         Brooks Orpik                                      20     1   2  2  
 4 Ian Cole                 Arturs Kulda                                      10     1   2  2  

PowerPlay Forward 
   Center                   Left Wing                Right Wing               Time % Phy DF OF 
 1 Evgeni Malkin            Thomas Vanek             Marian Hossa             60     1   2  2  
 2 Daniel Briere            Sergei Kostitsyn         Colby Armstrong          40     1   2  2  

PowerPlay Defense
   Defense                  Defense                                           Time % Phy DF OF 
 1 Dan Hamhuis              Cody Franson                                      60     1   2  2  
 2 Karl Alzner              Vladimir Mihalik                                  40     1   2  2  

Penalty Kill 4 Players Forward 
   Center                   Wing                     Time % Phy DF OF 
 1 Evgeni Malkin            Daniel Briere            60     1   2  2  
 2 Thomas Vanek             Marian Hossa             40     1   2  2  

Penalty Kill 4 Players Defense
   Defense                  Defense                  Time % Phy DF OF 
 1 Dan Hamhuis              Cody Franson             60     1   2  2  
 2 Karl Alzner              Vladimir Mihalik         40     1   2  2  

Penalty Kill - 3 Players Forward 
   Forward                                           Time % Phy DF OF 
 1 Evgeni Malkin                                     60     1   2  2  
 2 Daniel Briere                                     40     1   2  2  

Penalty Kill - 3 Players Defense
   Defense                  Defense                  Time % Phy DF OF 
 1 Dan Hamhuis              Cody Franson             60     1   2  2  
 2 Karl Alzner              Vladimir Mihalik         40     1   2  2  

4 vs 4 Forward 
   Center                   Wing                     Time % Phy DF OF 
 1 Evgeni Malkin            Daniel Briere            60     1   2  2  
 2 Thomas Vanek             Marian Hossa             40     1   2  2  

4 vs 4 Defense
   Defense                  Defense                  Time % Phy DF OF 
 1 Dan Hamhuis              Cody Franson             60     1   2  2  
 2 Karl Alzner              Vladimir Mihalik         40     1   2  2  

Last Minutes Offensive
   Center                   Left Wing                Right Wing               Defense                  Defense                  
   Evgeni Malkin            Thomas Vanek             Marian Hossa             Dan Hamhuis              Cody Franson             

Last Minutes Defensive
   Center                   Left Wing                Right Wing               Defense                  Defense                  
   Evgeni Malkin            Thomas Vanek             Marian Hossa             Dan Hamhuis              Cody Franson             

Goaltenders
Starting : Ondrej Pavelec           
Backup : Jeff Deslauriers         

Extra Forwards
Normal : Cody Hodgson, Brandon Dubinsky, Chris Kunitz - PP : Cody Hodgson, Brandon Dubinsky - PK : Chris Kunitz
Extra Defensemen
Normal : Carlo Colaiacovo, Brooks Orpik, Ian Cole - PP : Carlo Colaiacovo - PK : Brooks Orpik, Ian Cole
Penalty Shots
Evgeni Malkin, Daniel Briere, Thomas Vanek, Marian Hossa, Colby Armstrong

Scratches
Brenden Morrow (Right Ankle Injury), Radim Vrbata (Healthy)

% Time on Ice - Sharks

Lines # - Real PCT - Wanted PCT - Time Play
Normal Forward
1 - 35% - 40% - 16:57
2 - 28% - 30% - 13:45
3 - 24% - 20% - 11:42
4 - 13% - 10% - 6:10
Normal Defense
1 - 35% - 40% - 17:07
2 - 33% - 30% - 16:01
3 - 25% - 20% - 12:11
4 - 7% - 10% - 3:15
PP Forward
1 - 68% - 60% - 3:36
2 - 32% - 40% - 1:42
PP Defense
1 - 63% - 60% - 3:19
2 - 37% - 40% - 1:59
PK Forward
1 - 86% - 60% - 4:16
2 - 14% - 40% - 0:41
PK Defense
1 - 62% - 60% - 3:04
2 - 38% - 40% - 1:53
PK3 Forward
1 - 0% - 60%
2 - 0% - 40%
PK3 Defense
1 - 0% - 60%
2 - 0% - 40%
44 Forward
1 - 75% - 60% - 0:53
2 - 25% - 40% - 0:18
44 Defense
1 - 69% - 60% - 0:49
2 - 31% - 40% - 0:22
Last Minute Offensive  - 0:00
Last Minute Defensive  - 0:00
Total
Forward - 60:00
Defense - 60:00

% Time on Ice - Senateurs

Lines # - Real PCT - Wanted PCT - Time Play
Normal Forward
1 - 34% - 40% - 16:22
2 - 33% - 30% - 16:14
3 - 25% - 20% - 12:12
4 - 8% - 10% - 3:46
Normal Defense
1 - 35% - 40% - 16:59
2 - 33% - 30% - 15:55
3 - 22% - 20% - 10:40
4 - 10% - 10% - 5:00
PP Forward
1 - 79% - 60% - 3:54
2 - 21% - 40% - 1:03
PP Defense
1 - 77% - 60% - 3:49
2 - 23% - 40% - 1:08
PK Forward
1 - 84% - 60% - 4:28
2 - 16% - 40% - 0:50
PK Defense
1 - 59% - 60% - 3:08
2 - 41% - 40% - 2:10
PK3 Forward
1 - 0% - 60%
2 - 0% - 40%
PK3 Defense
1 - 0% - 60%
2 - 0% - 40%
44 Forward
1 - 79% - 60% - 0:56
2 - 21% - 40% - 0:15
44 Defense
1 - 75% - 60% - 0:53
2 - 25% - 40% - 0:18
Last Minute Offensive  - 0:00
Last Minute Defensive  - 0:00
Total
Forward - 60:00
Defense - 60:00

Play-by-Play

1st period


0:01 of 1st period - Thomas Vanek wins face-off versus Jason Spezza in neutral zone.
0:16 of 1st period - Marian Hossa is hit by Milan Michalek and loses puck.
0:27 of 1st period - Andrej Sekera is hit by Daniel Briere and loses puck.
0:51 of 1st period - Slapshot by Dan Hamhuis.
0:51 of 1st period - Shot Blocked by Nikolai Kulemin.
0:53 of 1st period - Snap shot by Cody Franson.
0:53 of 1st period - Shot Blocked by Maxim Kondratiev.
1:22 of 1st period - Slapshot by Nick Palmieri.
1:22 of 1st period - Shot Blocked by Carlo Colaiacovo.
1:22 of 1st period - Carlo Colaiacovo from Senateurs is injured at 1:22 of 1st period (Upper Body).
1:23 of 1st period - Daniel Briere wins face-off versus Milan Michalek in Senateurs zone.
1:23 of 1st period - Daniel Briere is hit by Mark Giordano.
1:50 of 1st period - Milan Michalek is hit by Daniel Briere and loses puck.
2:56 of 1st period - Snap shot by Milan Michalek.
2:56 of 1st period - Shot Misses the Net.
2:58 of 1st period - Wrist shot by Adam Larsson.
2:58 of 1st period - Stopped by Ondrej Pavelec with a rebound.
3:00 of 1st period - Snap shot by Maxim Afinogenov.
3:00 of 1st period - Shot Misses the Net.
3:02 of 1st period - Snap shot by Milan Michalek.
3:02 of 1st period - Stopped by Ondrej Pavelec with a rebound.
3:33 of 1st period - Wrist shot by Sergei Kostitsyn.
3:33 of 1st period - Stopped by Brent Krahn with a rebound.
3:52 of 1st period - Wrist shot by Sergei Kostitsyn.
3:52 of 1st period - Shot Misses the Net.
4:08 of 1st period - Snap shot by Jason Spezza.
4:08 of 1st period - Shot Misses the Net.
4:20 of 1st period - Snap shot by Maxim Afinogenov.
4:20 of 1st period - Shot Misses the Net.
4:22 of 1st period - Wrist shot by Maxim Afinogenov.
4:22 of 1st period - Stopped by Ondrej Pavelec with a rebound.
4:24 of 1st period - Snap shot by Jason Spezza.
4:24 of 1st period - Stopped by Ondrej Pavelec without a rebound.
4:25 of 1st period - T.J. Hensick wins face-off versus Evgeni Malkin in Senateurs zone.
5:01 of 1st period - Minor Penalty to Maxim Kondratiev for Holding.
5:02 of 1st period - Evgeni Malkin wins face-off versus Jordan LaVallee in Sharks zone.
5:02 of 1st period - Snap shot by Thomas Vanek.
5:02 of 1st period - Deflect By Evgeni Malkin.
5:02 of 1st period - Shot Blocked by Andrej Sekera.
5:02 of 1st period - Puck is out of play.
5:03 of 1st period - Jordan LaVallee wins face-off versus Evgeni Malkin in Sharks zone.
5:16 of 1st period - Slapshot by Evgeni Malkin.
5:16 of 1st period - Stopped by Brent Krahn without a rebound.
5:17 of 1st period - Evgeni Malkin wins face-off versus Jordan LaVallee in Sharks zone.
5:22 of 1st period - Wrist shot by Thomas Vanek.
5:22 of 1st period - Stopped by Brent Krahn without a rebound.
5:23 of 1st period - Evgeni Malkin wins face-off versus Jordan LaVallee in Sharks zone.
7:01 of 1st period - Penalty to Maxim Kondratiev is over, Maxim Kondratiev is back on ice.
7:19 of 1st period - Nick Palmieri is hit by Cody Hodgson and loses puck.
7:44 of 1st period - Nick Palmieri is hit by Ian Cole and loses puck.
8:28 of 1st period - Icing by Jiri Tlusty.
8:29 of 1st period - Cody Hodgson wins face-off versus Darren Helm in Sharks zone.
9:28 of 1st period - Evgeni Malkin is hit by T.J. Hensick.
9:50 of 1st period - Thomas Vanek is hit by Milan Michalek and loses puck.
10:56 of 1st period - Karl Alzner is hit by Oskar Osala and loses puck.
11:43 of 1st period - Evgeni Malkin is hit by Oskar Osala and loses puck.
13:04 of 1st period - Icing by Ian Cole.
13:05 of 1st period - Brandon Dubinsky wins face-off versus Nikolai Kulemin in Senateurs zone.
13:05 of 1st period - Brandon Dubinsky is hit by Maxim Kondratiev.
13:46 of 1st period - Backhand shot by Rob Schremp.
13:46 of 1st period - Shot Misses the Net.
13:50 of 1st period - Slapshot by Nikolai Kulemin.
13:50 of 1st period - Shot Misses the Net.
13:52 of 1st period - Snap shot by Nikolai Kulemin.
13:52 of 1st period - Stopped by Ondrej Pavelec with a rebound.
13:54 of 1st period - Snap shot by Nikolai Kulemin.
13:54 of 1st period - Stopped by Ondrej Pavelec with a rebound.
14:52 of 1st period - Off-side.
14:53 of 1st period - T.J. Hensick wins face-off versus Evgeni Malkin in neutral zone.
14:56 of 1st period - Slapshot by T.J. Hensick.
14:56 of 1st period - Shot Misses the Net.
14:58 of 1st period - Wrist shot by Nick Palmieri.
14:58 of 1st period - Shot Misses the Net.
15:00 of 1st period - Slapshot by Nate Prosser.
15:00 of 1st period - Stopped by Ondrej Pavelec with a rebound.
15:14 of 1st period - Wrist shot by Marc-André Bernier.
15:14 of 1st period - Stopped by Brent Krahn with a rebound.
17:55 of 1st period - Slapshot by Kevin Shattenkirk.
17:55 of 1st period - Stopped by Ondrej Pavelec without a rebound.
17:56 of 1st period - Daniel Briere wins face-off versus T.J. Hensick in Senateurs zone.
18:11 of 1st period - Wrist shot by Maxim Afinogenov.
18:11 of 1st period - Shot Misses the Net.
18:13 of 1st period - Slapshot by Jason Spezza.
18:13 of 1st period - Shot Blocked by Karl Alzner.
18:31 of 1st period - Wrist shot by Thomas Vanek.
18:31 of 1st period - Shot Misses the Net.
18:33 of 1st period - Slapshot by Thomas Vanek.
18:33 of 1st period - Shot Misses the Net.
18:35 of 1st period - Slapshot by Karl Alzner.
18:35 of 1st period - Deflect By Evgeni Malkin.
18:35 of 1st period - Stopped by Brent Krahn with a rebound.
18:51 of 1st period - Snap shot by Jiri Tlusty.
18:51 of 1st period - Deflect By Nikolai Kulemin.
18:51 of 1st period - Shot Blocked by Cody Franson.
18:51 of 1st period - Puck is out of play.
18:52 of 1st period - Daniel Briere wins face-off versus Rob Schremp in Senateurs zone.
18:59 of 1st period - Snap shot by Sergei Kostitsyn.
18:59 of 1st period - Goal by Sergei Kostitsyn - Sharks : 0 - Senateurs : 1.
19:00 of 1st period - T.J. Hensick wins face-off versus Evgeni Malkin in neutral zone.
19:13 of 1st period - Snap shot by T.J. Hensick.
19:13 of 1st period - Stopped by Ondrej Pavelec without a rebound.
19:14 of 1st period - T.J. Hensick wins face-off versus Evgeni Malkin in Senateurs zone.
19:35 of 1st period - Minor Penalty to T.J. Hensick for Hooking.
19:36 of 1st period - Jason Spezza wins face-off versus Thomas Vanek in Sharks zone.
19:47 of 1st period - Jason Spezza is hit by Thomas Vanek and loses puck.
19:48 of 1st period - Jason Spezza from Sharks is injured at 19:48 of 1st period (Back Spasms).
19:49 of 1st period - Evgeni Malkin wins face-off versus Jordan LaVallee in Sharks zone.
19:58 of 1st period - Snap shot by Evgeni Malkin.
19:58 of 1st period - Shot Misses the Net.
Goals for this period are 0 for Sharks vs 1 for Senateurs.
Shots for this period are 9 for Sharks vs 6 for Senateurs.

2nd period


0:01 of 2nd period - Evgeni Malkin wins face-off versus Jordan LaVallee in neutral zone.
0:08 of 2nd period - Slapshot by Thomas Vanek.
0:08 of 2nd period - Stopped by Brent Krahn with a rebound.
0:10 of 2nd period - Wrist shot by Cody Franson.
0:10 of 2nd period - Stopped by Brent Krahn without a rebound.
0:11 of 2nd period - Jordan LaVallee wins face-off versus Evgeni Malkin in Sharks zone.
0:23 of 2nd period - Minor Penalty to Marian Hossa for Hooking.
0:24 of 2nd period - Evgeni Malkin wins face-off versus Darren Helm in Senateurs zone.
1:10 of 2nd period - Wrist shot by Maxim Afinogenov.
1:10 of 2nd period - Stopped by Ondrej Pavelec without a rebound.
1:11 of 2nd period - Milan Michalek wins face-off versus Evgeni Malkin in Senateurs zone.
1:35 of 2nd period - Penalty to T.J. Hensick is over, T.J. Hensick is back on ice.
2:23 of 2nd period - Penalty to Marian Hossa is over, Marian Hossa is back on ice.
2:33 of 2nd period - Vladimir Mihalik is hit by Nate Prosser and loses puck.
3:00 of 2nd period - Maxim Kondratiev is hit by Sergei Kostitsyn and loses puck.
3:19 of 2nd period - Oskar Osala is hit by Cody Hodgson.
3:56 of 2nd period - Brendon Nash is hit by Marc-André Bernier and loses puck.
4:03 of 2nd period - Nick Palmieri is hit by Chris Kunitz and loses puck.
4:42 of 2nd period - Ian Cole is hit by Rob Schremp and loses puck.
6:11 of 2nd period - Kevin Shattenkirk is hit by Evgeni Malkin and loses puck.
6:22 of 2nd period - Daniel Briere is hit by Kevin Shattenkirk and loses puck.
6:39 of 2nd period - Mark Giordano is hit by Chris Kunitz and loses puck.
7:12 of 2nd period - Snap shot by Brandon Dubinsky.
7:12 of 2nd period - Shot Blocked by Maxim Kondratiev.
7:25 of 2nd period - Icing by Thomas Vanek.
7:26 of 2nd period - T.J. Hensick wins face-off versus Evgeni Malkin in Senateurs zone.
7:35 of 2nd period - Wrist shot by Jiri Tlusty.
7:35 of 2nd period - Shot Blocked by Ian Cole.
9:27 of 2nd period - Snap shot by Nikolai Kulemin.
9:27 of 2nd period - Goal by Nikolai Kulemin - Sharks : 1 - Senateurs : 1.
9:28 of 2nd period - Marian Hossa wins face-off versus T.J. Hensick in neutral zone.
9:35 of 2nd period - Snap shot by Thomas Vanek.
9:35 of 2nd period - Shot Hit the Post.
9:43 of 2nd period - Thomas Vanek is hit by Nick Palmieri and loses puck.
10:39 of 2nd period - Andrej Sekera is hit by Daniel Briere and loses puck.
10:57 of 2nd period - Evgeni Malkin is hit by Milan Michalek and loses puck.
11:02 of 2nd period - Wrist shot by Milan Michalek.
11:02 of 2nd period - Deflect By Maxim Afinogenov.
11:02 of 2nd period - Shot Misses the Net.
11:02 of 2nd period - Puck is out of play.
11:03 of 2nd period - T.J. Hensick wins face-off versus Daniel Briere in Senateurs zone.
11:04 of 2nd period - Wrist shot by Nick Palmieri.
11:04 of 2nd period - Shot Misses the Net.
11:35 of 2nd period - Slapshot by Evgeni Malkin.
11:35 of 2nd period - Stopped by Brent Krahn with a rebound.
11:37 of 2nd period - Slapshot by Ian Cole.
11:37 of 2nd period - Shot Misses the Net.
11:48 of 2nd period - Off-side.
11:49 of 2nd period - Rob Schremp wins face-off versus Cody Hodgson in neutral zone.
12:49 of 2nd period - Snap shot by Daniel Briere.
12:49 of 2nd period - Stopped by Brent Krahn without a rebound.
12:50 of 2nd period - Daniel Briere wins face-off versus Rob Schremp in Sharks zone.
12:58 of 2nd period - Icing by Rob Schremp.
12:59 of 2nd period - Daniel Briere wins face-off versus Rob Schremp in Sharks zone.
13:59 of 2nd period - Snap shot by Nikolai Kulemin.
13:59 of 2nd period - Shot Misses the Net.
14:01 of 2nd period - Slapshot by Nikolai Kulemin.
14:01 of 2nd period - Shot Misses the Net.
14:03 of 2nd period - Snap shot by Nikolai Kulemin.
14:03 of 2nd period - Shot Hit the Post.
14:05 of 2nd period - Slapshot by Maxim Kondratiev.
14:05 of 2nd period - Deflect By Jiri Tlusty.
14:05 of 2nd period - Shot Blocked by Karl Alzner.
14:05 of 2nd period - Puck is out of play.
14:06 of 2nd period - Maxim Afinogenov wins face-off versus Evgeni Malkin in Senateurs zone.
14:19 of 2nd period - Snap shot by Evgeni Malkin.
14:19 of 2nd period - Stopped by Brent Krahn with a rebound.
14:21 of 2nd period - Snap shot by Evgeni Malkin.
14:21 of 2nd period - Shot Misses the Net.
14:36 of 2nd period - Slapshot by T.J. Hensick.
14:36 of 2nd period - Stopped by Ondrej Pavelec without a rebound.
14:37 of 2nd period - T.J. Hensick wins face-off versus Evgeni Malkin in Senateurs zone.
14:51 of 2nd period - Minor Penalty to Nick Palmieri for Roughing.
14:52 of 2nd period - Milan Michalek wins face-off versus Evgeni Malkin in Sharks zone.
15:02 of 2nd period - Snap shot by Evgeni Malkin.
15:02 of 2nd period - Goal by Evgeni Malkin - Sharks : 1 - Senateurs : 2.
15:03 of 2nd period - Milan Michalek wins face-off versus Evgeni Malkin in neutral zone.
15:19 of 2nd period - Kevin Shattenkirk is hit by Cody Franson and loses puck.
15:26 of 2nd period - Minor Penalty to Evgeni Malkin for Tripping.
15:27 of 2nd period - Chris Kunitz wins face-off versus Maxim Afinogenov in Senateurs zone.
15:38 of 2nd period - Slapshot by Andrej Sekera.
15:38 of 2nd period - Stopped by Ondrej Pavelec without a rebound.
15:39 of 2nd period - Jiri Tlusty wins face-off versus Chris Kunitz in Senateurs zone.
15:42 of 2nd period - Wrist shot by Kevin Shattenkirk.
15:42 of 2nd period - Shot Misses the Net.
15:44 of 2nd period - Wrist shot by Jiri Tlusty.
15:44 of 2nd period - Stopped by Ondrej Pavelec with a rebound.
15:46 of 2nd period - Slapshot by Maxim Afinogenov.
15:46 of 2nd period - Shot Blocked by Dan Hamhuis.
15:48 of 2nd period - Wrist shot by Andrej Sekera.
15:48 of 2nd period - Shot Blocked by Dan Hamhuis.
15:50 of 2nd period - Wrist shot by Milan Michalek.
15:50 of 2nd period - Shot Misses the Net.
16:40 of 2nd period - Chris Kunitz is hit by Maxim Afinogenov and loses puck.
16:57 of 2nd period - Slapshot by T.J. Hensick.
16:57 of 2nd period - Shot Misses the Net.
16:59 of 2nd period - Snap shot by Nick Palmieri.
16:59 of 2nd period - Shot Misses the Net.
17:26 of 2nd period - Penalty to Evgeni Malkin is over, Evgeni Malkin is back on ice.
17:37 of 2nd period - Slapshot by Dan Hamhuis.
17:37 of 2nd period - Stopped by Brent Krahn with a rebound.
18:13 of 2nd period - Slapshot by Jordan LaVallee.
18:13 of 2nd period - Deflect By Nick Palmieri.
18:13 of 2nd period - Shot Misses the Net.
18:13 of 2nd period - Puck is out of play.
18:14 of 2nd period - Sergei Kostitsyn wins face-off versus Rob Schremp in Senateurs zone.
18:26 of 2nd period - Minor Penalty to Cody Franson for Hooking.
18:27 of 2nd period - Evgeni Malkin wins face-off versus Jiri Tlusty in Senateurs zone.
Goals for this period are 1 for Sharks vs 1 for Senateurs.
Shots for this period are 5 for Sharks vs 7 for Senateurs.

3rd period


0:01 of 3rd period - Evgeni Malkin wins face-off versus Maxim Afinogenov in neutral zone.
0:03 of 3rd period - Dan Hamhuis is hit by Milan Michalek and loses puck.
0:26 of 3rd period - Penalty to Cody Franson is over, Cody Franson is back on ice.
0:56 of 3rd period - Snap shot by Thomas Vanek.
0:56 of 3rd period - Stopped by Brent Krahn with a rebound.
1:03 of 3rd period - Off-side.
1:04 of 3rd period - Brandon Dubinsky wins face-off versus Jiri Tlusty in neutral zone.
1:07 of 3rd period - Snap shot by Daniel Briere.
1:07 of 3rd period - Goal by Daniel Briere - Sharks : 1 - Senateurs : 3.
1:08 of 3rd period - Jiri Tlusty wins face-off versus Evgeni Malkin in neutral zone.
1:19 of 3rd period - Slapshot by Kevin Shattenkirk.
1:19 of 3rd period - Stopped by Ondrej Pavelec without a rebound.
1:20 of 3rd period - Evgeni Malkin wins face-off versus Jiri Tlusty in Senateurs zone.
1:33 of 3rd period - Slapshot by Thomas Vanek.
1:33 of 3rd period - Deflect By Marian Hossa.
1:33 of 3rd period - Shot Misses the Net.
1:33 of 3rd period - Puck is out of play.
1:34 of 3rd period - Jiri Tlusty wins face-off versus Evgeni Malkin in Sharks zone.
1:45 of 3rd period - Marian Hossa is hit by Milan Michalek and loses puck.
2:00 of 3rd period - Nick Palmieri is hit by Daniel Briere and loses puck.
2:19 of 3rd period - Backhand shot by Maxim Afinogenov.
2:19 of 3rd period - Shot Misses the Net.
2:37 of 3rd period - Snap shot by Chris Kunitz.
2:37 of 3rd period - Stopped by Brent Krahn without a rebound.
2:38 of 3rd period - Maxim Afinogenov wins face-off versus Evgeni Malkin in Sharks zone.
2:56 of 3rd period - Milan Michalek is hit by Marian Hossa and loses puck.
3:15 of 3rd period - Snap shot by Daniel Briere.
3:15 of 3rd period - Stopped by Brent Krahn with a rebound.
3:17 of 3rd period - Wrist shot by Daniel Briere.
3:17 of 3rd period - Shot Misses the Net.
3:19 of 3rd period - Snap shot by Sergei Kostitsyn.
3:19 of 3rd period - Stopped by Brent Krahn with a rebound.
3:21 of 3rd period - Snap shot by Ian Cole.
3:21 of 3rd period - Stopped by Brent Krahn with a rebound.
3:33 of 3rd period - Slapshot by Kevin Shattenkirk.
3:33 of 3rd period - Shot Misses the Net.
3:35 of 3rd period - Slapshot by Andrej Sekera.
3:35 of 3rd period - Stopped by Ondrej Pavelec with a rebound.
4:11 of 3rd period - Oskar Osala is hit by Daniel Briere.
5:36 of 3rd period - Icing by Cody Hodgson.
5:37 of 3rd period - Jordan LaVallee wins face-off versus Cody Hodgson in Senateurs zone.
6:08 of 3rd period - Slapshot by Maxim Afinogenov.
6:08 of 3rd period - Stopped by Ondrej Pavelec with a rebound.
6:32 of 3rd period - Snap shot by Chris Kunitz.
6:32 of 3rd period - Stopped by Brent Krahn with a rebound.
6:46 of 3rd period - Jordan LaVallee is hit by Dan Hamhuis.
7:00 of 3rd period - Sergei Kostitsyn is hit by Rob Schremp and loses puck.
7:06 of 3rd period - Icing by Colby Armstrong.
7:07 of 3rd period - Rob Schremp wins face-off versus Daniel Briere in Senateurs zone.
7:14 of 3rd period - Slapshot by Jiri Tlusty.
7:14 of 3rd period - Shot Misses the Net.
7:34 of 3rd period - Snap shot by Evgeni Malkin.
7:34 of 3rd period - Stopped by Brent Krahn without a rebound.
7:35 of 3rd period - Evgeni Malkin wins face-off versus Oskar Osala in Sharks zone.
7:48 of 3rd period - Slapshot by T.J. Hensick.
7:48 of 3rd period - Shot Misses the Net.
7:50 of 3rd period - Wrist shot by Nick Palmieri.
7:50 of 3rd period - Shot Misses the Net.
8:02 of 3rd period - Maxim Afinogenov is hit by Sergei Kostitsyn and loses puck.
8:57 of 3rd period - Wrist shot by Colby Armstrong.
8:57 of 3rd period - Shot Misses the Net.
9:18 of 3rd period - Icing by T.J. Hensick.
9:19 of 3rd period - Cody Hodgson wins face-off versus T.J. Hensick in Sharks zone.
9:31 of 3rd period - Minor Penalty to Nate Prosser for Holding.
9:32 of 3rd period - Evgeni Malkin wins face-off versus Jordan LaVallee in Sharks zone.
9:45 of 3rd period - Slapshot by Evgeni Malkin.
9:45 of 3rd period - Shot Misses the Net.
9:47 of 3rd period - Snap shot by Thomas Vanek.
9:47 of 3rd period - Stopped by Brent Krahn without a rebound.
9:48 of 3rd period - Jordan LaVallee wins face-off versus Evgeni Malkin in Sharks zone.
11:31 of 3rd period - Penalty to Nate Prosser is over, Nate Prosser is back on ice.
12:26 of 3rd period - Slapshot by Maxim Kondratiev.
12:26 of 3rd period - Stopped by Ondrej Pavelec with a rebound.
14:51 of 3rd period - Vladimir Mihalik is hit by Andrej Sekera and loses puck.
15:45 of 3rd period - Icing by T.J. Hensick.
15:46 of 3rd period - Nikolai Kulemin wins face-off versus Brandon Dubinsky in Sharks zone.
16:41 of 3rd period - Off-side.
16:42 of 3rd period - T.J. Hensick wins face-off versus Marc-André Bernier in neutral zone.
17:11 of 3rd period - Slapshot by Daniel Briere.
17:11 of 3rd period - Stopped by Brent Krahn without a rebound.
17:12 of 3rd period - T.J. Hensick wins face-off versus Daniel Briere in Sharks zone.
17:12 of 3rd period - T.J. Hensick is hit by Sergei Kostitsyn.
17:32 of 3rd period - Slapshot by Cody Franson.
17:32 of 3rd period - Deflect By Andrej Sekera.
17:32 of 3rd period - Stopped by Brent Krahn with a rebound.
17:48 of 3rd period - Wrist shot by Evgeni Malkin.
17:48 of 3rd period - Shot Misses the Net.
17:50 of 3rd period - Slapshot by Evgeni Malkin.
17:50 of 3rd period - Deflect By Maxim Afinogenov.
17:50 of 3rd period - Shot Misses the Net.
17:50 of 3rd period - Puck is out of play.
17:51 of 3rd period - Darren Helm wins face-off versus Brandon Dubinsky in Sharks zone.
18:27 of 3rd period - Wrist shot by Daniel Briere.
18:27 of 3rd period - Stopped by Brent Krahn with a rebound.
18:29 of 3rd period - Wrist shot by Evgeni Malkin.
18:29 of 3rd period - Stopped by Brent Krahn with a rebound.
18:31 of 3rd period - Snap shot by Arturs Kulda.
18:31 of 3rd period - Stopped by Brent Krahn without a rebound.
18:32 of 3rd period - Cody Hodgson wins face-off versus Darren Helm in Sharks zone.
18:39 of 3rd period - Marc-André Bernier is hit by Nick Palmieri and loses puck.
18:46 of 3rd period - Slapshot by Cody Franson.
18:46 of 3rd period - Stopped by Brent Krahn without a rebound.
18:47 of 3rd period - Rob Schremp wins face-off versus Evgeni Malkin in Sharks zone.
18:58 of 3rd period - Andrej Sekera is hit by Evgeni Malkin and loses puck.
19:25 of 3rd period - Backhand shot by Nick Palmieri.
19:25 of 3rd period - Shot Misses the Net.
19:27 of 3rd period - Minor Penalty to Dan Hamhuis for Slashing.
19:28 of 3rd period - Evgeni Malkin wins face-off versus Milan Michalek in Senateurs zone.
19:41 of 3rd period - Wrist shot by Evgeni Malkin.
19:41 of 3rd period - Shot Blocked by Maxim Kondratiev.
Goals for this period are 0 for Sharks vs 1 for Senateurs.
Shots for this period are 4 for Sharks vs 15 for Senateurs.